 Dungeon Crawl Stone Soup version 0.31-a0-1589-g8f5e8aebd6 (webtiles) character file.

Game seed: 9398881284806022547

695 benadryl the Fighter (level 7, -3/49 HPs)
             Began as a Gargoyle Berserker on Jan 6, 2024.
             Was a Believer of Trog.
             Slain by an ogre
             ... wielding a +0 giant club
              (26 damage)
             ... on level 5 of the Dungeon.
             The game lasted 00:03:53 (4012 turns).

benadryl the Fighter (Gargoyle Berserker)           Turns: 4012, Time: 00:03:54

Health: -3/49      AC: 10    Str: 23    XL:     7   Next: 64%
Magic:  7/7        EV: 11    Int:  7    God:    Trog [**....]
Gold:   248        SH:  0    Dex:  9    Spells: 6/6 levels left

rFire   . . .        a - +0 hand axe
rCold   + . .        (no shield)
rNeg    + . .        u - +0 steam dragon scales
rPois   ∞            (no helmet)
rElec   +            (no cloak)
rCorr   +            (no gloves)
SInv    .            (no boots)
Will    .....        d - amulet of the acrobat
Stlth   +            h - ring of resist corrosion
HPRegen 0.28/turn    j - ring of protection from cold
MPRegen 0.10/turn

%: acrobat
@: no status effects
A: sickness immunity, AC +4, negative energy resistance 1, electricity
resistance, torment resistance 1, petrification resistance
a: Renounce Religion, Berserk, Trog's Hand


You were on level 5 of the Dungeon.
You worshipped Trog.
Trog was pleased with you.
You visited 1 branch of the dungeon, and saw 5 of its levels.

You collected 248 gold pieces.

Inventory:

Hand Weapons
 a - a +0 hand axe (weapon)
Missiles
 k - 3 javelins
Armour
 u - +0 steam dragon scales (worn)
Jewellery
 d - an amulet of the acrobat (around neck)
 h - a ring of resist corrosion (left hand)
 j - a ring of protection from cold (right hand)
 n - a ring of positive energy
 p - an amulet of reflection
Wands
 s - a wand of roots (11)
 y - a wand of mindburst (8)
Scrolls
 b - a scroll of identify {@r1}
 e - a scroll of silence {unknown}
 f - a scroll of blinking {unknown}
 w - a scroll of teleportation
 x - a scroll of fog {unknown}
Potions
 c - 2 potions of cancellation
 g - a potion of heal wounds
 i - 2 potions of might {unknown}
 l - a potion of berserk rage {unknown}
 m - a potion of ambrosia {unknown}
 o - a potion of curing {unknown}
 q - 2 potions of degeneration {unknown}
 r - a potion of attraction {unknown}
 t - a potion of lignification {unknown}
 v - a potion of mutation {unknown}


   Skills:
 * Level 8.0 Fighting
 + Level 5.0 Axes
 - Level 2.1 Armour
 - Level 1.5 Dodging


You had 6 spell levels left.
You didn't know any spells.
Your spell library was empty.

Dungeon Overview and Level Annotations

Branches:
Dungeon (5/15)
 Temple: D:4-7

Altars:
Ashenzari
Hepliaklqana
Makhleb
Ru
Uskayaw


Innate Abilities, Weirdness & Mutations

You are immune to sickness and miasma.
Your stone body is resilient. (AC +4)
You are immune to poison.
You resist negative energy. (rN+)
You are resistant to electric shocks. (rElec)
You are resistant to unholy torment.
You are immune to petrification.


Message History

Moving in this stuff is going to be slow.
Found an escape hatch in the ceiling.
No target in view!
No target in view!
No target in view!
No target in view!
No target in view!
Found a stone staircase leading down.
No target in view!
No target in view!
No target in view!
No target in view!
No target in view!
Found a broken altar of Ashenzari.
y - a wand of mindburst (8)
You now have 248 gold pieces (gained 4).
An ogre comes into view. It is wielding a +0 giant club.
The ogre shouts!
An ogre is nearby!
The ogre misses you.
You hit the ogre.
The ogre is lightly wounded.
You hit the ogre.
The ogre is moderately wounded.
The ogre hits you with a +0 giant club!
You are too injured to fight recklessly!
You are too injured to fight recklessly!
You are too injured to fight recklessly!
You are too injured to fight recklessly!
You are too injured to fight recklessly!
You barely miss the ogre.
The ogre is moderately wounded.
The ogre hits you with a +0 giant club!
You hit the ogre.
The ogre is moderately wounded.
You slash the ogre!
The ogre is heavily wounded.
The ogre hits you with a +0 giant club!!
Ouch! That really hurt!
You die...

. ##... #.. .. #.#
#.# . #.# ..
....########### #.#
#.
#..O@......####.####.
#..................#.
#..........###..##.#.
#..........# #.......
#..........# #..§§≈≈≈
#..........# #..≈§§..
#..........# #..≈.###
#..........# ##.≈.#..
######+## #.≈.#._


You could see an ogre.

Vanquished Creatures
  Grinder (D:3)
  A steam dragon (D:4)
  2 scorpions (D:4)
  A gnoll bouda (D:4)
  An iguana (D:3)
  Natasha (D:3)
  A hound skeleton (D:3)
  6 adders
  3 gnolls (D:4)
  An adder zombie (D:3)
  3 dart slugs (D:1)
  A ribbon worm (D:3)
  An orc (D:3)
  3 ball pythons
  7 endoplasms
  7 hobgoblins
  5 jackals (D:2)
  2 kobolds
  A quokka (D:2)
  3 bats
  2 frilled lizards
  A giant cockroach zombie (D:3)
  8 goblins
  A quokka skeleton (D:3)
  A quokka zombie (D:3)
  7 rats
  A spectral hobgoblin (D:4)
72 creatures vanquished.

Notes
Turn   | Place    | Note
-------+----------+-------------------------------------------
     0 | D:1      | benadryl the Gargoyle Berserker began the quest for the
                  | Orb.
     0 | D:1      | Reached XP level 1. HP: 14/14 MP: 1/1
   275 | D:1      | Reached XP level 2. HP: 20/20 MP: 2/2
   635 | D:1      | Reached skill level 4 in Fighting
   831 | D:1      | Reached XP level 3. HP: 18/24 MP: 3/3
  1305 | D:2      | Reached ** piety under Trog
  1311 | D:2      | Found a burning altar of Makhleb.
  1420 | D:2      | Identified the +0 leather armour "Ujuinaqe" {Dex+4}
  1624 | D:2      | Reached XP level 4. HP: 26/30 MP: 4/4
  1972 | D:3      | Noticed Grinder
  1994 | D:3      | Paralysed by Grinder for 2 turns
  1997 | D:3      | Killed Grinder
  1998 | D:3      | Reached skill level 6 in Fighting
  1998 | D:3      | Reached XP level 5. HP: 25/37 MP: 5/5
  1998 | D:3      | Reached XP level 6. HP: 28/42 MP: 6/6
  2498 | D:3      | Found a hide-covered altar of Uskayaw.
  2746 | D:3      | Noticed Natasha
  2753 | D:3      | Killed Natasha
  2954 | D:4      | Reached skill level 7 in Fighting
  3050 | D:4      | Reached XP level 7. HP: 34/48 MP: 7/7
  3186 | D:4      | Noticed a steam dragon
  3198 | D:4      | Killed a steam dragon
  3537 | D:4      | Found a sacrificial altar of Ru.
  3593 | D:4      | Reached skill level 5 in Axes
  3604 | D:4      | Reached skill level 8 in Fighting
  3796 | D:4      | Found a hazy altar of Hepliaklqana.
  3837 | D:5      | Entered Level 5 of the Dungeon
  3976 | D:5      | Found a broken altar of Ashenzari.
  4012 | D:5      | Slain by an ogre

Illustrated notes

Levels and vault maps discovered:
D:1:      dpeg_arrival_arbitrary_a, layout_loops_corners,
          ebering_dispersal_statue_hall, chequers_jeans
D:2:      layout_loops_cross, basic_altar, minmay_octomino_c4
D:3:      layout_loops_corners, overflow_temple_1_default, serial_undead,
          serial_undead_c, serial_undead_a, serial_undead_b, serial_undead_f,
          nicolae_elevator_lobby_asterisk, uniq_grinder, uniq_natasha
D:4:      layout_loops_ring, lemuel_tele_altar,
          nicolae_hepliaklqana_monster_ancestors
D:5:      wander_river, layout_basic, mainiacjoe_overflow_brackets,
          mainiacjoe_overflow_alcove_4, nicolae_shop_clearance

Skill      XL: |  1  2  3  4  5  6  7 |
---------------+----------------------+-----
Axes           | 3 4 5 |  5.0
Fighting       | 4 6 7 8 |  8.0
Armour         | |  2.1
Dodging        | |  1.5

Action                     |  1- 3 |  4- 6 |  7- 9 || total
---------------------------+-------+-------+-------++-------
  Melee: Hand axe          |   101 |   128 |    63 ||   292
         Punch             |     2 |       |     2 ||     4
 Invoke: Berserk           |       |     1 |     2 ||     3
    Use: Scroll            |       |     4 |     1 ||     5
         Potion            |       |     1 |       ||     1
 Armour: Animal skin       |    31 |       |       ||    31
         Ring mail         |    35 |    70 |     6 ||   111
         Steam dragon scal |       |       |    37 ||    37
  Dodge: Dodged            |    54 |    68 |    41 ||   163

Table legend: (Time is in decaauts)
 A = Elapsed time spent in this place.
 B = Non-inter-level travel time spent in this place.
 C = Inter-level travel time spent in this place.
 D = Time resting spent in this place.
 E = Time spent auto-exploring this place.
 F = Levels seen in this place.
 G = Mean time per level.
                   A        B        C        D        E       F      G
               +--------+--------+--------+--------+--------+-----+--------+
         Total |   4074 |   3793 |    281 |    187 |   2961 |   5 |  814.8 |
       Dungeon |   4074 |   3793 |    281 |    187 |   2961 |   5 |  814.8 |
               +--------+--------+--------+--------+--------+-----+--------+

Top non-repeatable levels by time:
     D:1: 1217 daAuts
     D:3: 985 daAuts
     D:4: 940 daAuts
     D:2: 748 daAuts
     D:5: 183 daAuts
